Workbook
Name case: Drivers!$B$3

Sheet Summary
B2: SIX (Six Flags)
B3: Dashboard Summary
B4: $M, unless otherwise stated
B6: TRADING STATISTICS | J6: =K6-1 -> 2004 | K6: =L6-1 -> 2005 | L6: =M6-1 -> 2006 | M6: =N6-1 -> 2007 | N6: 2008 | O6: 2009 | P6: Q1 | Q6: Q2 | R6: Q3 | S6: Q4 | T6: 2010 | U6: Q1 | V6: Q2 | W6: Q3 | X6: Q4 | Y6: 2011 | Z6: Q1 | AA6: Q2 | AB6: Q3 | AC6: Q4 | AD6: 2012 | AE6: Q1 | AF6: Q2 | AG6: Q3 | AH6: Q4 | AI6: 2013 | AJ6: Q1 | AK6: Q2 | AL6: Q3 | AM6: Q4 | AN6: 2014 | AO6: Q1 | AP6: Q2 | AQ6: Q3 | AR6: Q4E | AS6: 2015 | AT6: Q1E | AU6: Q2E | AV6: Q3E | AW6: Q4E | AX6: 2016E | AY6: Q1E | AZ6: Q2E | BA6: Q3E | BB6: Q4E | BC6: 2017E | BD6: Q1E | BE6: Q2E | BF6: Q3E | BG6: Q4E | BH6: 2018E
B7: Share price ($) | G7: 50.86 | I7: Revenue | O7: =Model!H51 -> 900 | P7: =Model!I51 -> 0 | Q7: =Model!J51 -> 0 | R7: =Model!K51 -> 0 | S7: =Model!L51 -> 0 | T7: =Model!M51 -> 976 | U7: =Model!N51 -> 0 | V7: =Model!O51 -> 0 | ... BH7: =Model!BA51 -> 1431.8653
B8: Shares outstanding (M) | G8: 91.6 | I8: Consensus | AT8: 96 | AU8: 400 | AV8: 602 | AW8: 225 | AX8: 1320 | BC8: 1390 | BH8: 1490
B9: Market cap | G9: =G7*G8 -> 4658.776 | I9: Adj. EBITDA | O9: =Model!H89 -> 197 | P9: =Model!I89 -> 0 | Q9: =Model!J89 -> 0 | R9: =Model!K89 -> 0 | S9: =Model!L89 -> 0 | T9: =Model!M89 -> 295 | U9: =Model!N89 -> 0 | V9: =Model!O89 -> 0 | ... AW9: =Model!AP89 -> 0 | AX9: =Model!AQ87 -> 551.22821 | AY9: =Model!AR89 -> 0 | AZ9: =Model!AS89 -> 0 | BA9: =Model!AT89 -> 0 | BB9: =Model!AU89 -> 0 | BC9: =Model!AV89 -> 539.74381 | BD9: =Model!AW89 -> 0 | BE9: =Model!AX89 -> 0 | BF9: =Model!AY89 -> 0 | ... BH9: =Model!BA89 -> 555.47361 | BJ9: -
B10: Net debt | G10: =Model!AL184 -> 1405.768 | I10: Consensus | AT10: -34 | AU10: 160 | AV10: 329 | AW10: 65 | AX10: 517.5 | BC10: 559.1 | BH10: 597.5 | BJ10: -
B11: Underfunded Pension | G11: 50.3 | I11: Adj. EPS ($) | P11: =Model!I85 -> 0 | Q11: =Model!J85 -> 0 | R11: =Model!K85 -> 0 | S11: =Model!L85 -> 0 | U11: =Model!N85 -> 0 | V11: =Model!O85 -> 0 | W11: =Model!P85 -> 0 | X11: =Model!Q85 -> 0 | Y11: =Model!R85 -> 1.1806798 | Z11: =Model!S85 -> #DIV/0! | AA11: =Model!T85 -> #DIV/0! | AB11: =Model!U85 -> #DIV/0! | ... BH11: =Model!BA85 -> 2.0739826 | BJ11: -
B12: Minority interest | G12: =Model!AL177 -> 435.721 | I12: Consensus | AT12: -0.62 | AU12: 0.65 | AV12: 1.76 | AW12: 0.01 | AX12: 1.84 | BC12: 1.8 | BH12: 2.4 | BJ12: -
B13: Enterprise value | G13: =SUM(G9:G12) -> 6550.565 | I13: FCF ($) | AE13: =Model!X93 -> 0 | AF13: =Model!Y93 -> 0 | AG13: =Model!Z93 -> 0 | AH13: =Model!AA93 -> 0 | AI13: =Model!AB93 -> 237.142 | AJ13: =Model!AC93 -> 0 | AK13: =Model!AD93 -> 0 | AL13: =Model!AE93 -> 0 | ... BH13: =Model!BA93 -> 337.10573 | BJ13: -
I14: FCF/share ("Cash EPS") | AE14: =Model!X97 -> 0 | AF14: =Model!Y97 -> 0 | AG14: =Model!Z97 -> 0 | AH14: =Model!AA97 -> 0 | AI14: =Model!AB97 -> 2.3619721 | AJ14: =Model!AC97 -> 0 | AK14: =Model!AD97 -> 0 | AL14: =Model!AE97 -> 0 | ... BH14: =Model!BA97 -> 3.5518408 | BJ14: -
B15: EBITDA VALUATION | E15: Base | F15: Upside | G15: Downside | I15: Fully-Taxed FCF | AI15: =Model!AB103 -> 202.91 | AJ15: =Model!AC103 -> 0 | AK15: =Model!AD103 -> 0 | AL15: =Model!AE103 -> 0 | AM15: =Model!AF103 -> 0 | AN15: =Model!AG103 -> 217.8 | AO15: =Model!AH103 -> 36 | AP15: =Model!AI103 -> -27 | ... BH15: =Model!BA103 -> 216.68266 | BJ15: -
B16: Adj. EBITDA 2017 | E16: =BC9 -> 539.74381 | F16: =IF(case=2,BC9,F16) -> 536.99687 | G16: =IF(case=3,BC9,G16) -> 463.57151 | BJ16: -
B17: EV/EBITDA | E17: 11 | F17: 12 | G17: 10 | I17: Revenue growth | P17: =P7/K7-1 -> #DIV/0! | Q17: =Q7/L7-1 -> #DIV/0! | R17: =R7/M7-1 -> #DIV/0! | S17: =S7/N7-1 -> #DIV/0! | T17: =T7/O7-1 -> 0.084444444 | U17: =U7/P7-1 -> #DIV/0! | V17: =V7/Q7-1 -> #DIV/0! | W17: =W7/R7-1 -> #DIV/0! | ... BH17: =BH7/BC7-1 -> 0.023970934 | BJ17: -
B18: EV | E18: =E17*E16 -> 5937.1819 | F18: =F17*F16 -> 6443.9624 | G18: =G17*G16 -> 4635.7151 | I18: EBITDA margin | O18: =O9/O7 -> 0.21888889 | P18: =P9/P7 -> #DIV/0! | Q18: =Q9/Q7 -> #DIV/0! | R18: =R9/R7 -> #DIV/0! | S18: =S9/S7 -> #DIV/0! | T18: =T9/T7 -> 0.3022541 | U18: =U9/U7 -> #DIV/0! | V18: =V9/V7 -> #DIV/0! | ... BH18: =BH9/BH7 -> 0.38793705 | BJ18: -
B19: Net debt (2017) | E19: =Model!AV184 -> 1350.2984 | F19: =E19 -> 1350.2984 | G19: =F19 -> 1350.2984 | I19: FCF/share growth | AN19: =AN14/AI14-1 -> 0.070426713 | AS19: =AS14/AN14-1 -> 0.13729974 | AX19: =AX14/AS14-1 -> 0.18664322 | BC19: =BC14/AX14-1 -> 0.0048084469 | BH19: =BH14/BC14-1 -> 0.035961015 | BJ19: -
B20: Minority interest | E20: =G12 -> 435.721 | F20: =E20 -> 435.721 | G20: =F20 -> 435.721 | BJ20: -
B21: Equity | E21: =E18-E19-E20 -> 4151.1625 | F21: =F18-F19-F20 -> 4657.943 | G21: =G18-G19-G20 -> 2849.6957 | I21: EV/EBITDA | AN21: =$G$13/AN9 -> 14.911812 | AO21: =$G$13/AO9 -> -172.38329 | AP21: =$G$13/AP9 -> 43.963523 | AQ21: =$G$13/AQ9 -> 21.268068 | AR21: =$G$13/AR9 -> 105.65427 | AS21: =$G$13/AS9 -> 13.606531 | AT21: =$G$13/AT9 -> #DIV/0! | AU21: =$G$13/AU9 -> #DIV/0! | ... BH21: =$G$13/BH9 -> 11.792757 | BJ21: -
B22: Add: PV of NOL | E22: =Model!AL135 -> 120.40435 | F22: =E22 -> 120.40435 | G22: =F22 -> 120.40435 | I22: P/EPS | AN22: =$G$7/AN11 -> 68.347479 | AO22: =$G$7/AO11 -> -46.236364 | AP22: =$G$7/AP11 -> 45.81982 | AQ22: =$G$7/AQ11 -> 18.767528 | AR22: =$G$7/AR11 -> 188.37037 | AS22: =$G$7/AS11 -> 32.217756 | AT22: =$G$7/AT11 -> #DIV/0! | AU22: =$G$7/AU11 -> #DIV/0! | ... BH22: =$G$7/BH11 -> 24.522868 | BJ22: -
B23: Shares outstanding (m) | E23: =G8 -> 91.6 | F23: =E23 -> 91.6 | G23: =F23 -> 91.6 | I23: Fully-Taxed FCF Yield % | AN23: =AN15/$G$9 -> 0.046750477 | AO23: =AO15/$G$9 -> 0.0077273516 | AP23: =AP15/$G$9 -> -0.0057955137 | AQ23: =AQ15/$G$9 -> -0.019962325 | AR23: =AR15/$G$9 -> 0.0030050812 | AS23: =AS15/$G$9 -> 0.048584864 | AT23: =AT15/$G$9 -> 0 | AU23: =AU15/$G$9 -> 0 | ... BH23: =BH15/$G$9 -> 0.046510641 | BJ23: -
B24: Implied Price per Share | E24: =(E21+E22)/E23 -> 46.632826 | F24: =(F21+F22)/F23 -> 52.165364 | G24: =(G21+G22)/G23 -> 32.424674
I25: Net debt | Y25: =Model!R184 -> 725.809 | Z25: =Model!S184 -> 0 | AA25: =Model!T184 -> 0 | AB25: =Model!U184 -> 0 | AC25: =Model!V184 -> 0 | AD25: =Model!W184 -> 775.998 | AE25: =Model!X184 -> 0 | AF25: =Model!Y184 -> 0 | ... BH25: =Model!BA184 -> 1369.7941
B26: Probability | E26: 0.5 | F26: 0.25 | G26: 0.25 | I26: Net debt / EBITDA | Y26: =Model!R186 -> 2.07374 | Z26: =Model!S186 -> 0 | AA26: =Model!T186 -> 0 | AB26: =Model!U186 -> 0 | AC26: =Model!V186 -> 0 | AD26: =Model!W186 -> 2.0261044 | AE26: =Model!X186 -> 0 | AF26: =Model!Y186 -> 0 | ... BH26: =Model!BA186 -> 2.4659931
B27: Premium/(Discount) | E27: =E24/$G$7-1 -> -0.083113913 | F27: =F24/$G$7-1 -> 0.025665833 | G27: =G24/$G$7-1 -> -0.36247201 | I27: ROIC | Y27: =Model!R143 -> 0.02991458 | Z27: =Model!S143 -> #DIV/0! | AA27: =Model!T143 -> #DIV/0! | AB27: =Model!U143 -> #DIV/0! | AC27: =Model!V143 -> #DIV/0! | AD27: =Model!W143 -> 0.11981523 | AE27: =Model!X143 -> #DIV/0! | AF27: =Model!Y143 -> #DIV/0! | ... BH27: =Model!BA143 -> 0.21042651
I28: ROIC (ex-goodwill & intangibles) | Y28: =Model!R144 -> 0.055767453 | Z28: =Model!S144 -> 0 | AA28: =Model!T144 -> 0 | AB28: =Model!U144 -> 0 | AC28: =Model!V144 -> 0 | AD28: =Model!W144 -> 0.21924185 | AE28: =Model!X144 -> 0 | AF28: =Model!Y144 -> 0 | ... BH28: =Model!BA144 -> 0.40039619
B29: Total Weighted Average Price: | G29: =(E26*E24)+(F26*F24)+(G26*G24) -> 44.463923
B30: Premium/Discount | G30: =G29/G7-1 -> -0.1257585

Sheet Model
B1: Six Flags (SIX)
B2: Earnings Model
B3: $mn (Dec FY-end)
BD5: Guidance /
B6: Line Items $m, except where noted | C6: =D6-1 -> 2004 | D6: =E6-1 -> 2005 | E6: =F6-1 -> 2006 | F6: =G6-1 -> 2007 | G6: 2008 | H6: 2009 | I6: Q1 | J6: Q2 | K6: Q3 | L6: Q4 | M6: 2010 | N6: Q1 | O6: Q2 | P6: Q3 | Q6: Q4 | R6: 2011 | S6: Q1 | T6: Q2 | U6: Q3 | V6: Q4 | W6: 2012 | X6: Q1 | Y6: Q2 | Z6: Q3 | AA6: Q4 | AB6: 2013 | AC6: Q1 | AD6: Q2 | AE6: Q3 | AF6: Q4 | AG6: 2014 | AH6: Q1 | AI6: Q2 | AJ6: Q3 | AK6: Q4 | AL6: 2015 | AM6: Q1E | AN6: Q2E | AO6: Q3E | AP6: Q4E | AQ6: 2016E | AR6: Q1E | AS6: Q2E | AT6: Q3E | AU6: Q4E | AV6: 2017E | AW6: Q1E | AX6: Q2E | AY6: Q3E | AZ6: Q4E | BA6: 2018E | BD6: notes
B8: REVENUE DRIVERS | BC8: 0
BC9: 0
B10: Attendance ('000s) | C10: 27526 | D10: 28688 | E10: 24840 | F10: 24902 | G10: 25342 | H10: 23795 | M10: 24290 | R10: 24295 | W10: 25735 | AB10: 26149 | AG10: 25638 | AL10: 28557 | AQ10: =AL10*(1+AQ11) -> 30555.99 | AV10: =AQ10*(1+AV11) -> 32389.349 | BA10: =AV10*(1+BA11) -> 34008.817 | BC10: 0
B11: growth y/y % | D11: =D10/C10-1 -> 0.042214633 | E11: =E10/D10-1 -> -0.13413274 | F11: =F10/E10-1 -> 0.0024959742 | G11: =G10/F10-1 -> 0.017669264 | H11: =H10/G10-1 -> -0.061044906 | M11: =M10/H10-1 -> 0.02080269 | R11: =R10/M10-1 -> 0.00020584603 | W11: =W10/R10-1 -> 0.059271455 | AB11: =AB10/W10-1 -> 0.016087041 | AG11: =AG10/AB10-1 -> -0.019541856 | AL11: =AL10/AG10-1 -> 0.11385443 | AQ11: 0.07 | AV11: 0.06 | BA11: 0.05 | BC11: 0
B13: Per Caps | BC13: 0
B14: Admissions | C14: 17.24 | D14: 18.28 | E14: 20.65 | F14: 20.67 | G14: 16.83 | H14: 20.28 | M14: 21.06 | R14: 22.3 | W14: 22.41 | AB14: 23.03 | AG14: 25.02 | AL14: =AL27/(AL$10/1000) -> 24.085828 | AQ14: =AQ27/(AQ$10/1000) -> 23.860727 | AV14: =AV27/(AV$10/1000) -> 23.410525 | BA14: =BA27/(BA$10/1000) -> 22.741653 | BC14: 0
B15: growth y/y % | D15: =D14/C14-1 -> 0.060324826 | E15: =E14/D14-1 -> 0.12964989 | F15: =F14/E14-1 -> 0.000968523 | G15: =G14/F14-1 -> -0.18577649 | H15: =H14/G14-1 -> 0.20499109 | M15: =M14/H14-1 -> 0.038461538 | N15: =N14/I14-1 -> #DIV/0! | O15: =O14/J14-1 -> #DIV/0! | P15: =P14/K14-1 -> #DIV/0! | Q15: =Q14/L14-1 -> #DIV/0! | R15: =R14/M14-1 -> 0.058879392 | S15: =S14/N14-1 -> #DIV/0! | T15: =T14/O14-1 -> #DIV/0! | ... BA15: =BA14/AV14-1 -> -0.028571429 | BC15: 0
B16: In-park spend | C16: 13.3 | D16: 13.88 | E16: 15.58 | F16: 16.1 | G16: 16.61 | H16: 15.75 | M16: 16.49 | R16: 17.03 | W16: 17 | AB16: 17.15 | AG16: 17.95 | AL16: =AL29/(AL$10/1000) -> 17.515495 | AQ16: =AQ29/(AQ$10/1000) -> 17.351799 | AV16: =AV29/(AV$10/1000) -> 17.024407 | BA16: =BA29/(BA$10/1000) -> 16.537995 | BC16: 0
B17: growth y/y % | D17: =D16/C16-1 -> 0.043609023 | E17: =E16/D16-1 -> 0.12247839 | F17: =F16/E16-1 -> 0.033376123 | G17: =G16/F16-1 -> 0.031677019 | H17: =H16/G16-1 -> -0.051776039 | M17: =M16/H16-1 -> 0.046984127 | N17: =N16/I16-1 -> #DIV/0! | O17: =O16/J16-1 -> #DIV/0! | P17: =P16/K16-1 -> #DIV/0! | Q17: =Q16/L16-1 -> #DIV/0! | R17: =R16/M16-1 -> 0.032747119 | S17: =S16/N16-1 -> #DIV/0! | T17: =T16/O16-1 -> #DIV/0! | ... BA17: =BA16/AV16-1 -> -0.028571429 | BC17: 0
B18: Sponsorship & licensing | C18: 0.76 | D18: 0.71 | E18: 1.02 | F18: 1.53 | G18: 2.3 | H18: 1.75 | M18: 2.02 | R18: 1.74 | W18: 1.55 | AB18: 1.61 | AG18: 2.23 | AL18: =AL31/(AL$10/1000) -> 2.0707007 | AQ18: =AQ31/(AQ$10/1000) -> 2.1287577 | AV18: =AV31/(AV$10/1000) -> 2.2090882 | BA18: =BA31/(BA$10/1000) -> 2.3142829 | BC18: 0
B19: growth y/y % | D19: =D18/C18-1 -> -0.065789474 | E19: =E18/D18-1 -> 0.43661972 | F19: =F18/E18-1 -> 0.5 | G19: =G18/F18-1 -> 0.50326797 | H19: =H18/G18-1 -> -0.23913043 | M19: =M18/H18-1 -> 0.15428571 | N19: =N18/I18-1 -> #DIV/0! | O19: =O18/J18-1 -> #DIV/0! | P19: =P18/K18-1 -> #DIV/0! | Q19: =Q18/L18-1 -> #DIV/0! | R19: =R18/M18-1 -> -0.13861386 | S19: =S18/N18-1 -> #DIV/0! | T19: =T18/O18-1 -> #DIV/0! | ... BA19: =BA18/AV18-1 -> 0.047619048 | BC19: 0
B20: Accomodation | M20: 0.6 | R20: 0.63 | W20: 0.63 | AB20: 0.65 | AG20: 0.66 | AL20: =AL33/(AL$10/1000) -> 0.58815702 | AQ20: =AQ33/(AQ$10/1000) -> 0.55517625 | AV20: =AV33/(AV$10/1000) -> 0.52898869 | BA20: =BA33/(BA$10/1000) -> 0.50883674 | BC20: 0
B21: growth y/y % | M21: =M20/H20-1 -> #DIV/0! | N21: =N20/I20-1 -> #DIV/0! | O21: =O20/J20-1 -> #DIV/0! | P21: =P20/K20-1 -> #DIV/0! | Q21: =Q20/L20-1 -> #DIV/0! | R21: =R20/M20-1 -> 0.05 | S21: =S20/N20-1 -> #DIV/0! | T21: =T20/O20-1 -> #DIV/0! | ... BA21: =BA20/AV20-1 -> -0.038095238 | BC21: 0
B22: Per Cap Revenue | C22: =C20+C18+C16+C14 -> 31.3 | D22: =D20+D18+D16+D14 -> 32.87 | E22: =E20+E18+E16+E14 -> 37.25 | F22: =F20+F18+F16+F14 -> 38.3 | G22: =G20+G18+G16+G14 -> 35.74 | H22: =H20+H18+H16+H14 -> 37.78 | I22: =I20+I18+I16+I14 -> 0 | J22: =J20+J18+J16+J14 -> 0 | ... AK22: =AK20+AK18+AK16+AK14 -> 0 | AL22: 44.26 | AM22: =AM20+AM18+AM16+AM14 -> 0 | AN22: =AN20+AN18+AN16+AN14 -> 0 | AO22: =AO20+AO18+AO16+AO14 -> 0 | AP22: =AP20+AP18+AP16+AP14 -> 0 | AQ22: =AQ20+AQ18+AQ16+AQ14 -> 43.89646 | AR22: =AR20+AR18+AR16+AR14 -> 0 | AS22: =AS20+AS18+AS16+AS14 -> 0 | AT22: =AT20+AT18+AT16+AT14 -> 0 | ... BA22: =BA20+BA18+BA16+BA14 -> 42.102767 | BC22: 0
B23: growth y/y % | D23: =D22/C22-1 -> 0.050159744 | E23: =E22/D22-1 -> 0.13325221 | F23: =F22/E22-1 -> 0.028187919 | G23: =G22/F22-1 -> -0.066840731 | H23: =H22/G22-1 -> 0.057078903 | M23: =M22/H22-1 -> 0.063260985 | N23: =N22/I22-1 -> #DIV/0! | O23: =O22/J22-1 -> #DIV/0! | P23: =P22/K22-1 -> #DIV/0! | Q23: =Q22/L22-1 -> #DIV/0! | R23: =R22/M22-1 -> 0.038088125 | S23: =S22/N22-1 -> #DIV/0! | T23: =T22/O22-1 -> #DIV/0! | ... BA23: =BA22/AV22-1 -> -0.024789587 | BC23: 0
BC24: 0
B25: Segment Revenues | BC25: 0
B27: Admissions | C27: 474 | D27: 524 | E27: 513 | F27: 515 | G27: 427 | H27: 483 | M27: 511 | R27: 542 | W27: 577 | X27: 42 | Y27: 200 | Z27: 282 | AA27: 79 | AB27: 602 | AC27: 35 | AD27: 205 | AE27: 306 | AF27: 96 | AG27: 641.535 | AH27: 41 | AI27: 207 | AJ27: 326 | AK27: 115 | AL27: 687.819 | AQ27: =AL27*(1+AQ28) -> 729.08814 | AV27: =AQ27*(1+AV28) -> 758.25167 | BA27: =AV27*(1+BA28) -> 773.4167 | BC27: 0
B28: growth y/y % | D28: =D27/C27-1 -> 0.10548523 | E28: =E27/D27-1 -> -0.020992366 | F28: =F27/E27-1 -> 0.0038986355 | G28: =G27/F27-1 -> -0.17087379 | H28: =H27/G27-1 -> 0.13114754 | M28: =M27/H27-1 -> 0.057971014 | N28: =N27/I27-1 -> #DIV/0! | O28: =O27/J27-1 -> #DIV/0! | P28: =P27/K27-1 -> #DIV/0! | Q28: =Q27/L27-1 -> #DIV/0! | R28: =R27/M27-1 -> 0.060665362 | S28: =S27/N27-1 -> #DIV/0! | T28: =T27/O27-1 -> #DIV/0! | ... W28: =W27/R27-1 -> 0.064575646 | X28: 0.41 | Y28: -0.02 | Z28: 0.04 | AA28: 0.081 | AB28: =AB27/W27-1 -> 0.043327556 | AC28: =AC27/X27-1 -> -0.16666667 | AD28: =AD27/Y27-1 -> 0.025 | AE28: =AE27/Z27-1 -> 0.085106383 | AF28: =AF27/AA27-1 -> 0.21518987 | AG28: =AG27/AB27-1 -> 0.065672757 | AH28: =AH27/AC27-1 -> 0.17142857 | AI28: =AI27/AD27-1 -> 0.0097560976 | ... AP28: =AP27/AK27-1 -> -1 | AQ28: =Drivers!J8 -> 0.06 | AR28: =AR27/AM27-1 -> #DIV/0! | AS28: =AS27/AN27-1 -> #DIV/0! | AT28: =AT27/AO27-1 -> #DIV/0! | AU28: =AU27/AP27-1 -> #DIV/0! | AV28: =Drivers!O8 -> 0.04 | AW28: =AW27/AR27-1 -> #DIV/0! | AX28: =AX27/AS27-1 -> #DIV/0! | AY28: =AY27/AT27-1 -> #DIV/0! | AZ28: =AZ27/AU27-1 -> #DIV/0! | BA28: =Drivers!T8 -> 0.02 | BC28: 0
B29: In-park spend | C29: 366 | D29: 398 | E29: 387 | F29: 401 | G29: 421 | H29: 375 | M29: 401 | R29: 414 | W29: 437 | X29: 33 | Y29: 150 | Z29: 204 | AA29: 62 | AB29: 449 | AC29: 26 | AD29: 152 | AE29: 212 | AF29: 71 | AG29: 460.131 | AH29: 28 | AI29: 161 | AJ29: 228 | AK29: 83 | AL29: 500.19 | AQ29: =AL29*(1+AQ30) -> 530.2014 | AV29: =AQ29*(1+AV30) -> 551.40946 | BA29: =AV29*(1+BA30) -> 562.43765 | BC29: 0
B30: growth y/y % | D30: =D29/C29-1 -> 0.087431694 | E30: =E29/D29-1 -> -0.027638191 | F30: =F29/E29-1 -> 0.036175711 | G30: =G29/F29-1 -> 0.049875312 | H30: =H29/G29-1 -> -0.10926366 | M30: =M29/H29-1 -> 0.069333333 | N30: =N29/I29-1 -> #DIV/0! | O30: =O29/J29-1 -> #DIV/0! | P30: =P29/K29-1 -> #DIV/0! | Q30: =Q29/L29-1 -> #DIV/0! | R30: =R29/M29-1 -> 0.032418953 | S30: =S29/N29-1 -> #DIV/0! | T30: =T29/O29-1 -> #DIV/0! | ... W30: =W29/R29-1 -> 0.055555556 | X30: 0.33 | Y30: -0.05 | Z30: 0.04 | AA30: 0.068 | AB30: =AB29/W29-1 -> 0.027459954 | AC30: =AC29/X29-1 -> -0.21212121 | AD30: =AD29/Y29-1 -> 0.013333333 | AE30: =AE29/Z29-1 -> 0.039215686 | AF30: =AF29/AA29-1 -> 0.14516129 | AG30: =AG29/AB29-1 -> 0.024790646 | AH30: =AH29/AC29-1 -> 0.076923077 | AI30: =AI29/AD29-1 -> 0.059210526 | ... AP30: =AP29/AK29-1 -> -1 | AQ30: =Drivers!J13 -> 0.06 | AR30: =AR29/AM29-1 -> #DIV/0! | AS30: =AS29/AN29-1 -> #DIV/0! | AT30: =AT29/AO29-1 -> #DIV/0! | AU30: =AU29/AP29-1 -> #DIV/0! | AV30: =Drivers!O13 -> 0.04 | AW30: =AW29/AR29-1 -> #DIV/0! | AX30: =AX29/AS29-1 -> #DIV/0! | AY30: =AY29/AT29-1 -> #DIV/0! | AZ30: =AZ29/AU29-1 -> #DIV/0! | BA30: =Drivers!T13 -> 0.02 | BC30: 0
B31: Sponsorship & licensing | C31: 21 | D31: 20 | E31: 25 | F31: 38 | G31: 58 | H31: 42 | M31: 49 | R31: 42 | W31: 40 | X31: 8 | Y31: 11 | Z31: 14 | AA31: 10 | AB31: 42 | AC31: 8 | AD31: 16 | AE31: 19 | AF31: 15 | AG31: 57.25 | AH31: 11 | AI31: 14 | AJ31: 16 | AK31: 18 | AL31: 59.133 | AQ31: =AL31*(1+AQ32) -> 65.0463 | AV31: =AQ31*(1+AV32) -> 71.55093 | BA31: =AV31*(1+BA32) -> 78.706023 | BC31: 0
B32: growth y/y % | D32: =D31/C31-1 -> -0.047619048 | E32: =E31/D31-1 -> 0.25 | F32: =F31/E31-1 -> 0.52 | G32: =G31/F31-1 -> 0.52631579 | H32: =H31/G31-1 -> -0.27586207 | M32: =M31/H31-1 -> 0.16666667 | N32: =N31/I31-1 -> #DIV/0! | O32: =O31/J31-1 -> #DIV/0! | P32: =P31/K31-1 -> #DIV/0! | Q32: =Q31/L31-1 -> #DIV/0! | R32: =R31/M31-1 -> -0.14285714 | S32: =S31/N31-1 -> #DIV/0! | T32: =T31/O31-1 -> #DIV/0! | ... W32: =W31/R31-1 -> -0.047619048 | X32: 0.02 | Y32: 0.06 | Z32: 0.1 | AA32: 0.02 | AB32: =AB31/W31-1 -> 0.05 | AC32: =AC31/X31-1 -> 0 | AD32: =AD31/Y31-1 -> 0.45454545 | AE32: =AE31/Z31-1 -> 0.35714286 | AF32: =AF31/AA31-1 -> 0.5 | AG32: =AG31/AB31-1 -> 0.36309524 | AH32: =AH31/AC31-1 -> 0.375 | AI32: =AI31/AD31-1 -> -0.125 | ... AP32: =AP31/AK31-1 -> -1 | AQ32: 0.1 | AR32: =AR31/AM31-1 -> #DIV/0! | AS32: =AS31/AN31-1 -> #DIV/0! | AT32: =AT31/AO31-1 -> #DIV/0! | AU32: =AU31/AP31-1 -> #DIV/0! | AV32: 0.1 | AW32: =AW31/AR31-1 -> #DIV/0! | AX32: =AX31/AS31-1 -> #DIV/0! | AY32: =AY31/AT31-1 -> #DIV/0! | AZ32: =AZ31/AU31-1 -> #DIV/0! | BA32: 0.1 | BC32: 0
B33: Accomodation | M33: 15 | R33: 15 | W33: 16 | X33: 5 | Y33: 4 | Z33: 5 | AA33: 3 | AB33: 17 | AC33: 5 | AD33: 4 | AE33: 5 | AF33: 3 | AG33: 16.877 | AH33: 5 | AI33: 4 | AJ33: 5 | AK33: 3 | AL33: 16.796 | AQ33: =AL33*(1+AQ34) -> 16.96396 | AV33: =AQ33*(1+AV34) -> 17.1336 | BA33: =AV33*(1+BA34) -> 17.304936 | BC33: 0
B34: growth y/y % | N34: =N33/I33-1 -> #DIV/0! | O34: =O33/J33-1 -> #DIV/0! | P34: =P33/K33-1 -> #DIV/0! | Q34: =Q33/L33-1 -> #DIV/0! | R34: =R33/M33-1 -> 0 | S34: =S33/N33-1 -> #DIV/0! | T34: =T33/O33-1 -> #DIV/0! | U34: =U33/P33-1 -> #DIV/0! | ... W34: =W33/R33-1 -> 0.066666667 | X34: 0.15 | Y34: -0.03 | Z34: 0 | AA34: 0.07 | AB34: =AB33/W33-1 -> 0.0625 | AC34: =AC33/X33-1 -> 0 | AD34: =AD33/Y33-1 -> 0 | AE34: =AE33/Z33-1 -> 0 | AF34: =AF33/AA33-1 -> 0 | AG34: =AG33/AB33-1 -> -0.0072352941 | AH34: =AH33/AC33-1 -> 0 | AI34: =AI33/AD33-1 -> 0 | ... AP34: =AP33/AK33-1 -> -1 | AQ34: 0.01 | AR34: =AR33/AM33-1 -> #DIV/0! | AS34: =AS33/AN33-1 -> #DIV/0! | AT34: =AT33/AO33-1 -> #DIV/0! | AU34: =AU33/AP33-1 -> #DIV/0! | AV34: 0.01 | AW34: =AW33/AR33-1 -> #DIV/0! | AX34: =AX33/AS33-1 -> #DIV/0! | AY34: =AY33/AT33-1 -> #DIV/0! | AZ34: =AZ33/AU33-1 -> #DIV/0! | BA34: 0.01 | BC34: 0
B36: Consolidated Revenue | C36: =C33+C31+C29+C27 -> 861 | D36: =D33+D31+D29+D27 -> 942 | E36: =E33+E31+E29+E27 -> 925 | F36: =F33+F31+F29+F27 -> 954 | G36: =G33+G31+G29+G27 -> 906 | H36: =H33+H31+H29+H27 -> 900 | I36: =I33+I31+I29+I27 -> 0 | J36: =J33+J31+J29+J27 -> 0 | ... BA36: =BA33+BA31+BA29+BA27 -> 1431.8653 | BC36: 0
B37: growth y/y % | D37: =D36/C36-1 -> 0.094076655 | E37: =E36/D36-1 -> -0.018046709 | F37: =F36/E36-1 -> 0.031351351 | G37: =G36/F36-1 -> -0.050314465 | H37: =H36/G36-1 -> -0.0066225166 | M37: =M36/H36-1 -> 0.084444444 | N37: =N36/I36-1 -> #DIV/0! | O37: =O36/J36-1 -> #DIV/0! | P37: =P36/K36-1 -> #DIV/0! | Q37: =Q36/L36-1 -> #DIV/0! | R37: =R36/M36-1 -> 0.037909836 | S37: =S36/N36-1 -> #DIV/0! | T37: =T36/O36-1 -> #DIV/0! | ... BA37: =BA36/AV36-1 -> 0.023970934 | BC37: 0
BC38: 0
B39: Season Pass % of Total | D39: 0.28 | E39: 0.27 | F39: 0.28 | G39: 0.28 | H39: 0.3 | M39: 0.32 | R39: 0.35 | W39: 0.44 | AB39: 0.48 | AG39: 0.5 | AL39: 0.56 | BC39: 0
BC40: 0
B41: % of Revenue
B42: Admissions | H42: =H27/H36 -> 0.53666667 | I42: =I27/I36 -> #DIV/0! | J42: =J27/J36 -> #DIV/0! | K42: =K27/K36 -> #DIV/0! | L42: =L27/L36 -> #DIV/0! | M42: =M27/M36 -> 0.52356557 | N42: =N27/N36 -> #DIV/0! | O42: =O27/O36 -> #DIV/0! | ... BA42: =BA27/BA36 -> 0.54014627
B43: In-park spend | H43: =H29/H36 -> 0.41666667 | I43: =I29/I36 -> #DIV/0! | J43: =J29/J36 -> #DIV/0! | K43: =K29/K36 -> #DIV/0! | L43: =L29/L36 -> #DIV/0! | M43: =M29/M36 -> 0.41086066 | N43: =N29/N36 -> #DIV/0! | O43: =O29/O36 -> #DIV/0! | ... BA43: =BA29/BA36 -> 0.39280067
B45: INCOME STATEMENT | BC45: 0
BC46: 0
B47: Admissions | C47: =C27 -> 474 | D47: =D27 -> 524 | E47: =E27 -> 513 | F47: =F27 -> 515 | G47: =G27 -> 427 | H47: =H27 -> 483 | I47: =I27 -> 0 | J47: =J27 -> 0 | ... BA47: =BA27 -> 773.4167 | BC47: 0
B48: In-park spend | C48: =C29 -> 366 | D48: =D29 -> 398 | E48: =E29 -> 387 | F48: =F29 -> 401 | G48: =G29 -> 421 | H48: =H29 -> 375 | I48: =I29 -> 0 | J48: =J29 -> 0 | ... BA48: =BA29 -> 562.43765 | BC48: 0
B49: Sponsorship & licensing | C49: =C31 -> 21 | D49: =D31 -> 20 | E49: =E31 -> 25 | F49: =F31 -> 38 | G49: =G31 -> 58 | H49: =H31 -> 42 | I49: =I31 -> 0 | J49: =J31 -> 0 | ... BA49: =BA31 -> 78.706023 | BC49: 0
B50: Accomodation | C50: =C33 -> 0 | D50: =D33 -> 0 | E50: =E33 -> 0 | F50: =F33 -> 0 | G50: =G33 -> 0 | H50: =H33 -> 0 | I50: =I33 -> 0 | J50: =J33 -> 0 | ... BA50: =BA33 -> 17.304936 | BC50: 0
B51: Total Revenue | C51: =SUM(C47:C50) -> 861 | D51: =SUM(D47:D50) -> 942 | E51: =SUM(E47:E50) -> 925 | F51: =SUM(F47:F50) -> 954 | G51: =SUM(G47:G50) -> 906 | H51: =SUM(H47:H50) -> 900 | I51: =SUM(I47:I50) -> 0 | J51: =SUM(J47:J50) -> 0 | ... BA51: =SUM(BA47:BA50) -> 1431.8653 | BC51: 0
B52: growth y/y % | D52: =D51/C51-1 -> 0.094076655 | E52: =E51/D51-1 -> -0.018046709 | F52: =F51/E51-1 -> 0.031351351 | G52: =G51/F51-1 -> -0.050314465 | H52: =H51/G51-1 -> -0.0066225166 | M52: =M51/H51-1 -> 0.084444444 | N52: =N51/I51-1 -> #DIV/0! | O52: =O51/J51-1 -> #DIV/0! | P52: =P51/K51-1 -> #DIV/0! | Q52: =Q51/L51-1 -> #DIV/0! | R52: =R51/M51-1 -> 0.037909836 | S52: =S51/N51-1 -> #DIV/0! | T52: =T51/O51-1 -> #DIV/0! | ... BA52: =BA51/AV51-1 -> 0.023970934 | BC52: 0
B53: (-) Operating Expenses (ex-D&A) | C53: 352 | D53: 381 | E53: 400 | F53: 416 | G53: 408 | H53: 414 | M53: 408 | R53: 398 | W53: 412 | AB53: 417 | AG53: 437.431 | AH53: 83 | AI53: 133 | AJ53: 153 | AK53: 96 | AL53: 465.219 | AQ53: =AQ55*AQ51 -> 492.25703 | AV53: =AV55*AV51 -> 511.79451 | BA53: =BA55*BA51 -> 522.63084 | BC53: 0
B54: growth y/y % | D54: =D53/C53-1 -> 0.082386364 | E54: =E53/D53-1 -> 0.049868766 | F54: =F53/E53-1 -> 0.04 | G54: =G53/F53-1 -> -0.019230769 | H54: =H53/G53-1 -> 0.014705882 | M54: =M53/H53-1 -> -0.014492754 | N54: =N53/I53-1 -> #DIV/0! | O54: =O53/J53-1 -> #DIV/0! | P54: =P53/K53-1 -> #DIV/0! | Q54: =Q53/L53-1 -> #DIV/0! | R54: =R53/M53-1 -> -0.024509804 | S54: =S53/N53-1 -> #DIV/0! | T54: =T53/O53-1 -> #DIV/0! | ... BA54: =BA53/AV53-1 -> 0.021173199 | BC54: 0
B55: % of sales | C55: =C53/C51 -> 0.40882695 | D55: =D53/D51 -> 0.4044586 | E55: =E53/E51 -> 0.43243243 | F55: =F53/F51 -> 0.4360587 | G55: =G53/G51 -> 0.45033113 | H55: =H53/H51 -> 0.46 | I55: =I53/I51 -> #DIV/0! | J55: =J53/J51 -> #DIV/0! | ... AP55: =AP53/AP51 -> #DIV/0! | AQ55: =Drivers!J20 -> 0.367 | AR55: =AR53/AR51 -> #DIV/0! | AS55: =AS53/AS51 -> #DIV/0! | AT55: =AT53/AT51 -> #DIV/0! | AU55: =AU53/AU51 -> #DIV/0! | AV55: =Drivers!O20 -> 0.366 | AW55: =AW53/AW51 -> #DIV/0! | AX55: =AX53/AX51 -> #DIV/0! | AY55: =AY53/AY51 -> #DIV/0! | AZ55: =AZ53/AZ51 -> #DIV/0! | BA55: =Drivers!T20 -> 0.365 | BC55: 0
B56: Corporate SG&A (ex-SBC) | AB56: =67.483-AB60 -> 40.449 | AG56: =188.633-AG60 -> 48.595 | AL56: =115.399-AL60 -> 59.166
B57: Park SG&A | AB57: 121.73 | AG57: 122.322 | AL57: 119.411
B58: (-) SG&A (ex-D&A and SBC) | C58: 174 | D58: 189 | E58: 236 | F58: 237 | G58: 213 | H58: 193 | M58: 190 | R58: 215 | W58: 163.1 | AB58: 162 | AG58: 171 | AH58: 32 | AI58: 51 | AJ58: 52 | AK58: 43 | AL58: 178.6 | AQ58: =AQ59*AQ51 -> 189.12327 | AV58: =AV59*AV51 -> 195.76839 | BA58: =BA59*BA51 -> 200.46114 | BC58: 0
B59: % of sales | C59: =C58/C51 -> 0.20209059 | D59: =D58/D51 -> 0.20063694 | E59: =E58/E51 -> 0.25513514 | F59: =F58/F51 -> 0.24842767 | G59: =G58/G51 -> 0.23509934 | H59: =H58/H51 -> 0.21444444 | I59: =I58/I51 -> #DIV/0! | J59: =J58/J51 -> #DIV/0! | ... AP59: =AP58/AP51 -> #DIV/0! | AQ59: =Drivers!J25 -> 0.141 | AR59: =AR55/AR53 -> #DIV/0! | AS59: =AS55/AS53 -> #DIV/0! | AT59: =AT55/AT53 -> #DIV/0! | AU59: =AU55/AU53 -> #DIV/0! | AV59: =Drivers!O25 -> 0.14 | AW59: =AW55/AW53 -> #DIV/0! | AX59: =AX55/AX53 -> #DIV/0! | AY59: =AY55/AY53 -> #DIV/0! | AZ59: =AZ55/AZ53 -> #DIV/0! | BA59: =Drivers!T25 -> 0.14 | BC59: 0
B60: (-) Stock-Based Comp | W60: 62.875 | AB60: 27.034 | AG60: 140.038 | AH60: 22 | AI60: 4 | AJ60: 10 | AK60: 20 | AL60: 56.233 | AQ60: 50 | AV60: 50 | BA60: 20 | BC60: 0 | BD60: **double check proxy
B61: % of sales | W61: =W60/W51 -> 0.058761682 | X61: =X60/X51 -> 0 | Y61: =Y60/Y51 -> 0 | Z61: =Z60/Z51 -> 0 | AA61: =AA60/AA51 -> 0 | AB61: =AB60/AB51 -> 0.024354955 | AC61: =AC60/AC51 -> 0 | AD61: =AD60/AD51 -> 0 | ... BA61: =BA60/BA51 -> 0.013967794
B62: (-) Cost of Products Sold | C62: 71 | D62: 82 | E62: 78 | F62: 80 | G62: 85 | H62: 75 | M62: 79 | R62: 77 | W62: 80 | AB62: 87 | AG62: 91 | AH62: 7 | AI62: 34 | AJ62: 43 | AK62: 16 | AL62: 100.7 | AQ62: =(1-AQ63)*AQ48 -> 108.69129 | AR62: =(1-AR63)*AR48 -> #DIV/0! | AS62: =(1-AS63)*AS48 -> #DIV/0! | AT62: =(1-AT63)*AT48 -> #DIV/0! | AU62: =(1-AU63)*AU48 -> #DIV/0! | AV62: =(1-AV63)*AV48 -> 113.03894 | AW62: =(1-AW63)*AW48 -> #DIV/0! | AX62: =(1-AX63)*AX48 -> #DIV/0! | ... BA62: =(1-BA63)*BA48 -> 115.29972 | BC62: 0
B63: % gross margin on in-park spend | C63: =C62/C48 -> 0.19398907 | D63: =D62/D48 -> 0.20603015 | E63: =E62/E48 -> 0.20155039 | F63: =F62/F48 -> 0.19950125 | G63: =G62/G48 -> 0.20190024 | H63: =1-(H62/H48) -> 0.8 | I63: =1-(I62/I48) -> #DIV/0! | J63: =1-(J62/J48) -> #DIV/0! | K63: =1-(K62/K48) -> #DIV/0! | L63: =1-(L62/L48) -> #DIV/0! | M63: =1-(M62/M48) -> 0.80299252 | N63: =1-(N62/N48) -> #DIV/0! | O63: =1-(O62/O48) -> #DIV/0! | ... AP63: =1-(AP62/AP48) -> #DIV/0! | AQ63: =Drivers!J30 -> 0.795 | AR63: =AR60/AR58 -> #DIV/0! | AS63: =AS60/AS58 -> #DIV/0! | AT63: =AT60/AT58 -> #DIV/0! | AU63: =AU60/AU58 -> #DIV/0! | AV63: =Drivers!O30 -> 0.795 | AW63: =AW60/AW58 -> #DIV/0! | AX63: =AX60/AX58 -> #DIV/0! | AY63: =AY60/AY58 -> #DIV/0! | AZ63: =AZ60/AZ58 -> #DIV/0! | BA63: =Drivers!T30 -> 0.795 | BC63: 0
B64: Total Expenses | C64: =C62+C58+C53 -> 597 | D64: =D62+D58+D53 -> 652 | E64: =E62+E58+E53 -> 714 | F64: =F62+F58+F53 -> 733 | G64: =G62+G58+G53 -> 706 | H64: =H62+H58+H53 -> 682 | I64: =I62+I58+I53 -> 0 | J64: =J62+J58+J53 -> 0 | ... V64: =V62+V58+V53 -> 0 | W64: =W62+W58+W53+W60 -> 717.975 | X64: =X62+X58+X53+X60 -> 0 | Y64: =Y62+Y58+Y53+Y60 -> 0 | Z64: =Z62+Z58+Z53+Z60 -> 0 | AA64: =AA62+AA58+AA53+AA60 -> 0 | AB64: =AB62+AB58+AB53+AB60 -> 693.034 | AC64: =AC62+AC58+AC53+AC60 -> 0 | AD64: =AD62+AD58+AD53+AD60 -> 0 | ... BA64: =BA62+BA58+BA53+BA60 -> 858.3917 | BC64: 0
B65: % of sales | C65: =C64/C51 -> 0.69337979 | D65: =D64/D51 -> 0.69214437 | E65: =E64/E51 -> 0.77189189 | F65: =F64/F51 -> 0.76834382 | G65: =G64/G51 -> 0.77924945 | H65: =H64/H51 -> 0.75777778 | I65: =I64/I51 -> #DIV/0! | J65: =J64/J51 -> #DIV/0! | ... BA65: =BA64/BA51 -> 0.59949193 | BC65: 0
B66: EBITDA | C66: 265 | D66: 291 | E66: 211 | F66: 220 | G66: 201 | H66: 217 | M66: 299 | R66: =R51-R64 -> 323 | W66: =W51-W64 -> 352.025 | AB66: =AB51-AB64 -> 416.966 | AG66: =AG51-AG64 -> 336.324 | AH66: =AH51-AH64 -> -59 | AI66: =AI51-AI64 -> 164 | AJ66: =AJ51-AJ64 -> 317 | AK66: =AK51-AK64 -> 44 | AL66: =AL51-AL64 -> 463.186 | AQ66: =AQ51-AQ64 -> 501.22821 | AV66: =AV51-AV64 -> 527.74381 | BA66: =BA51-BA64 -> 573.47361 | BC66: 0
B67: % margin | C67: =C66/C51 -> 0.30778165 | D67: =D66/D51 -> 0.3089172 | E67: =E66/E51 -> 0.22810811 | F67: =F66/F51 -> 0.23060797 | G67: =G66/G51 -> 0.2218543 | H67: =H66/H$51 -> 0.24111111 | I67: =I66/I51 -> #DIV/0! | J67: =J66/J51 -> #DIV/0! | K67: =K66/K51 -> #DIV/0! | L67: =L66/L51 -> #DIV/0! | M67: =M66/M51 -> 0.30635246 | N67: =N66/N51 -> #DIV/0! | O67: =O66/O51 -> #DIV/0! | P67: =P66/P51 -> #DIV/0! | ... BA67: =BA66/BA51 -> 0.40050807 | BC67: 0
B68: growth y/y % | D68: =D67/C67-1 -> 0.0036894604 | E68: =E67/D67-1 -> -0.26158819 | F68: =F67/E67-1 -> 0.010959095 | G68: =G67/F67-1 -> -0.037959061 | H68: =H67/G67-1 -> 0.086799337 | M68: =M67/H67-1 -> 0.27058624 | N68: =N67/I67-1 -> #DIV/0! | O68: =O67/J67-1 -> #DIV/0! | P68: =P67/K67-1 -> #DIV/0! | Q68: =Q67/L67-1 -> #DIV/0! | R68: =R67/M67-1 -> 0.040810599 | S68: =S67/N67-1 -> #DIV/0! | T68: =T67/O67-1 -> #DIV/0! | ... BA68: =BA67/AV67-1 -> 0.06121323 | BC68: 0
B69: (-) Depreciation & Amortization | R69: 169 | W69: 148 | AB69: 128 | AG69: 108 | AH69: 27 | AI69: 26 | AJ69: 27 | AK69: 29 | AL69: =104.788+2.623 -> 107.411 | AQ69: =AQ70*AQ51 -> 114.01048 | AV69: =AV70*AV51 -> 118.85938 | BA69: =BA70*BA51 -> 121.70855 | BC69: 0
B70: % of sales | N70: =N69/N51 -> #DIV/0! | O70: =O69/O51 -> #DIV/0! | P70: =P69/P51 -> #DIV/0! | Q70: =Q69/Q51 -> #DIV/0! | R70: =R69/R51 -> 0.16683119 | S70: =S69/S51 -> #DIV/0! | T70: =T69/T51 -> #DIV/0! | U70: =U69/U51 -> #DIV/0! | ... AP70: =AP69/AP51 -> #DIV/0! | AQ70: 0.085 | AR70: =AR68/AR66 -> #DIV/0! | AS70: =AS68/AS66 -> #DIV/0! | AT70: =AT68/AT66 -> #DIV/0! | AU70: =AU68/AU66 -> #DIV/0! | AV70: 0.085 | AW70: =AW68/AW66 -> #DIV/0! | AX70: =AX68/AX66 -> #DIV/0! | AY70: =AY68/AY66 -> #DIV/0! | AZ70: =AZ68/AZ66 -> #DIV/0! | BA70: 0.085 | BC70: 0
B71: Operating Income | N71: =N66-N69 -> 0 | O71: =O66-O69 -> 0 | P71: =P66-P69 -> 0 | Q71: =Q66-Q69 -> 0 | R71: =R66-R69 -> 154 | S71: =S66-S69 -> 0 | T71: =T66-T69 -> 0 | U71: =U66-U69 -> 0 | ... BA71: =BA66-BA69 -> 451.76506 | BC71: 0
B72: % margin | H72: =H71/H$51 -> 0 | I72: =I71/I$51 -> #DIV/0! | J72: =J71/J$51 -> #DIV/0! | K72: =K71/K$51 -> #DIV/0! | L72: =L71/L$51 -> #DIV/0! | M72: =M71/M$51 -> 0 | N72: =N71/N$51 -> #DIV/0! | O72: =O71/O$51 -> #DIV/0! | ... BA72: =BA71/BA$51 -> 0.31550807 | BC72: 0
B73: (-/+) Other Expense (Income) | R73: =R71-R74 -> 80 | S73: =S71-S74 -> 0 | T73: =T71-T74 -> 0 | U73: =U71-U74 -> 0 | V73: =V71-V74 -> 0 | W73: =W71-W74 -> -70.975 | X73: =X71-X74 -> 0 | Y73: =Y71-Y74 -> 0 | ... AG73: =AG71-AG74 -> -5.676 | AH73: -1 | AI73: 0 | AJ73: 0 | AK73: -6 | AL73: =9.882+6.557+0.223 -> 16.662 | AQ73: 0 | AV73: 0 | BA73: 0 | BC73: 0
B74: EBIT | R74: 74 | W74: 275 | AB74: 281 | AG74: 234 | AH74: =AH71-AH73 -> -85 | AI74: =AI71-AI73 -> 138 | AJ74: =AJ71-AJ73 -> 290 | AK74: =AK71-AK73 -> 21 | AL74: =AL71-AL73 -> 339.113 | AQ74: =AQ71-AQ73 -> 387.21773 | AV74: =AV71-AV73 -> 408.88443 | BA74: =BA71-BA73 -> 451.76506 | BC74: 0
B75: (-) Net Interest Expense | R75: 65 | W75: 46 | AB75: 74 | AG75: 73 | AH75: 19 | AI75: 19 | AJ75: 19 | AK75: 19 | AL75: 75.903 | AQ75: 77 | AV75: 78 | BA75: 79 | BC75: 0
B76: Pre-Tax Income | R76: =R74-R75 -> 9 | S76: =S74-S75 -> 0 | T76: =T74-T75 -> 0 | U76: =U74-U75 -> 0 | V76: =V74-V75 -> 0 | W76: =W74-W75 -> 229 | X76: =X74-X75 -> 0 | Y76: =Y74-Y75 -> 0 | ... BA76: =BA74-BA75 -> 372.76506 | BC76: 0
B77: (-/+) Income Tax Expense (Benefit) | C77: 352 | D77: 381 | E77: 400 | F77: 416 | G77: 408 | R77: -8 | W77: -184 | AB77: 48 | AG77: 47 | AH77: -36 | AI77: 27 | AJ77: 93 | AK77: -14 | AL77: 70.369 | AQ77: =AQ78*AQ76 -> 114.78056 | AV77: =AV78*AV76 -> 122.42724 | BA77: =BA78*BA76 -> 137.92307 | BC77: 0
B78: Effective Tax Rate % | R78: =R77/R76 -> -0.88888889 | W78: =W77/W76 -> -0.80349345 | AB78: =AB77/AB76 -> 0.23188406 | AG78: =AG77/AG76 -> 0.29192547 | AH78: =AH77/AH76 -> 0.34615385 | AI78: =AI77/AI76 -> 0.22689076 | AJ78: =AJ77/AJ76 -> 0.34317343 | AK78: =AK77/AK76 -> -7 | AL78: =AL77/AL76 -> 0.26734926 | AQ78: 0.37 | AV78: 0.37 | BA78: 0.37 | BC78: 0 | BD78: 35-39% per IR
B79: (-) Minority Interest | C79: 352 | D79: 381 | E79: 400 | F79: 416 | G79: 408 | R79: -36 | W79: -37 | AB79: -38 | AG79: -38 | AH79: 0 | AI79: -19 | AJ79: -19 | AK79: 0 | AL79: -38.165 | AQ79: -38 | AV79: -38 | BA79: -38 | BC79: 0
B80: Net Income (GAAP) | R80: =R76-R77+R79 -> -19 | S80: =S78-S79 -> 0 | T80: =T78-T79 -> 0 | U80: =U78-U79 -> 0 | V80: =V78-V79 -> 0 | W80: 365.935 | X80: =X78-X79 -> 0 | Y80: =Y78-Y79 -> 0 | Z80: =Z78-Z79 -> 0 | AA80: =AA78-AA79 -> 0 | AB80: 118.552 | AC80: =AC78-AC79 -> 0 | AD80: =AD78-AD79 -> 0 | AE80: =AE78-AE79 -> 0 | AF80: =AF78-AF79 -> 0 | AG80: =AG76-AG77+AG79 -> 76 | AH80: =AH76-AH77+AH79 -> -68 | AI80: =AI76-AI77+AI79 -> 73 | AJ80: =AJ76-AJ77+AJ79 -> 159 | AK80: =AK76-AK77+AK79 -> 16 | AL80: =AL76-AL77+AL79 -> 154.676 | AM80: =AM76-AM77+AM79 -> 0 | AN80: =AN76-AN77+AN79 -> 0 | ... BA80: =BA76-BA77+BA79 -> 196.84199 | BC80: 0
B81: (-/+) Adjustments | C81: 352 | D81: 381 | E81: 400 | F81: 416 | G81: 408 | R81: 151 | W81: -25 | AB81: 3 | AG81: -3 | AL81: 0 | AQ81: 0 | AV81: 0 | BA81: 0 | BC81: 0
B82: Net Income (Adj.) | R82: =R80+R81 -> 132 | S82: =S80+S81 -> 0 | T82: =T80+T81 -> 0 | U82: =U80+U81 -> 0 | V82: =V80+V81 -> 0 | W82: =W80+W81 -> 340.935 | X82: =X80+X81 -> 0 | Y82: =Y80+Y81 -> 0 | ... BA82: =BA80+BA81 -> 196.84199 | BC82: 0
B83: Shares Outstanding (diluted, avg.) | C83: 352 | D83: 381 | E83: 400 | F83: 416 | G83: 408 | H83: 112 | M83: 112 | R83: 111.8 | W83: 111.8 | AB83: 100.4 | AG83: 98.1 | AH83: 93.9 | AI83: 97.4 | AJ83: 96.2 | AK83: 95.6 | AL83: 97.981 | AQ83: =95.5+(AQ222/Summary!$G$7)+(AQ221/Summary!$G$7) -> 94.811836 | AV83: =AQ83+(AV222/Summary!$G$7)+(AV221/Summary!$G$7) -> 94.615218 | BA83: =AV83+(BA222/Summary!$G$7)+(BA221/Summary!$G$7) -> 94.910145 | BC83: 0
B84: EPS (GAAP) | R84: =R80/R83 -> -0.16994633 | S84: =S80/S83 -> #DIV/0! | T84: =T80/T83 -> #DIV/0! | U84: =U80/U83 -> #DIV/0! | V84: =V80/V83 -> #DIV/0! | W84: =W80/W83 -> 3.2731216 | X84: =X80/X83 -> #DIV/0! | Y84: =Y80/Y83 -> #DIV/0! | ... BA84: =BA80/BA83 -> 2.0739826 | BC84: 0
B85: EPS (Adj.) | R85: =R82/R83 -> 1.1806798 | S85: =S82/S83 -> #DIV/0! | T85: =T82/T83 -> #DIV/0! | U85: =U82/U83 -> #DIV/0! | V85: =V82/V83 -> #DIV/0! | W85: =W82/W83 -> 3.0495081 | X85: =X82/X83 -> #DIV/0! | Y85: =Y82/Y83 -> #DIV/0! | ... AG85: =AG82/AG83 -> 0.74413863 | AH85: -1.1 | AI85: 1.11 | AJ85: 2.71 | AK85: 0.27 | AL85: =AL82/AL83 -> 1.5786326 | AM85: =AM82/AM83 -> #DIV/0! | AN85: =AN82/AN83 -> #DIV/0! | AO85: =AO82/AO83 -> #DIV/0! | AP85: =AP82/AP83 -> #DIV/0! | AQ85: =AQ82/AQ83 -> 1.6605223 | AR85: =AR82/AR83 -> #DIV/0! | AS85: =AS82/AS83 -> #DIV/0! | ... BA85: =BA82/BA83 -> 2.0739826 | BC85: 0
BC86: 0
B87: Modified EBITDA (Co. Defined) | C87: 265 | D87: 291 | E87: 211 | F87: 220 | G87: 201 | H87: 223 | M87: 323 | R87: 379 | W87: 416 | AB87: 444 | AG87: 477 | AH87: -38 | AI87: 168 | AJ87: 327 | AK87: 62 | AL87: 520 | AQ87: =AQ82-AQ79+AQ75+AQ77+AQ69+AQ60 -> 551.22821 | AV87: =AV82-AV79+AV75+AV77+AV69+AV60 -> 577.74381 | BA87: =BA82-BA79+BA75+BA77+BA69+BA60 -> 593.47361 | BD87: $600m by 2017
B88: Minority Interest | H88: -266 | I88: =I87-I89 -> 0 | J88: =J87-J89 -> 0 | K88: =K87-K89 -> 0 | L88: =L87-L89 -> 0 | M88: -28 | N88: =N87-N89 -> 0 | O88: =O87-O89 -> 0 | P88: =P87-P89 -> 0 | Q88: =Q87-Q89 -> 0 | R88: -28 | S88: =S87-S89 -> 0 | T88: =T87-T89 -> 0 | U88: =U87-U89 -> 0 | V88: =V87-V89 -> 0 | W88: -34 | X88: =X87-X89 -> 0 | Y88: =Y87-Y89 -> 0 | Z88: =Z87-Z89 -> 0 | AA88: =AA87-AA89 -> 0 | AB88: -40 | AC88: =AC87-AC89 -> 0 | AD88: =AD87-AD89 -> 0 | AE88: =AE87-AE89 -> 0 | AF88: =AF87-AF89 -> 0 | AG88: -37.7 | AH88: =AH89-AH87 -> 0 | AI88: =AI89-AI87 -> -19 | AJ88: =AJ89-AJ87 -> -19 | AK88: =AK89-AK87 -> 0 | AL88: -38.6 | AQ88: =AQ79 -> -38 | AV88: =AV79 -> -38 | BA88: =BA79 -> -38
B89: Adj. EBITDA (Co. Defined) | C89: 265 | D89: 291 | E89: 211 | F89: 220 | G89: 201 | H89: 197 | M89: 295 | R89: 350 | W89: 383 | AB89: 404.112 | AG89: 439.287 | AH89: -38 | AI89: 149 | AJ89: 308 | AK89: 62 | AL89: 481.428 | AQ89: =AQ87+AQ88 -> 513.22821 | AV89: =AV87+AV88 -> 539.74381 | BA89: =BA87+BA88 -> 555.47361 | BC89: 0
B90: (-) Cash Interest | H90: -86 | M90: -79 | R90: -58 | W90: -42 | AB90: -51.349 | AG90: -66.677 | AL90: -70.516 | AQ90: -72 | AV90: -72 | BA90: -72 | BC90: 0 | BD90: $70-74m per IR through 2018
B91: (-) Capex | H91: -98 | M91: -79 | R91: -91 | W91: -98 | AB91: -101.853 | AG91: -107.81 | AL91: -114.197 | AQ91: =AQ215 -> -138.21698 | AV91: =AV215 -> -125.85111 | BA91: =BA215 -> -128.86788 | BC91: 0
B92: (-) Cash Taxes | H92: -5 | M92: -8 | R92: -8 | W92: -9 | AB92: -13.768 | AG92: -16.772 | AL92: -14.975 | AQ92: -17.5 | AV92: -17.5 | BA92: -17.5 | BC92: 0 | BD92: $15-20m per IR through 2018
B93: Free Cash Flow (Co. Defined) | C93: 265 | D93: 291 | E93: 211 | F93: 220 | G93: 201 | H93: 8 | M93: 128 | R93: 193 | W93: 233 | AB93: =AB89+SUM(AB90:AB92) -> 237.142 | AG93: =AG89+SUM(AG90:AG92) -> 248.028 | AL93: =AL89+SUM(AL90:AL92) -> 281.74 | AQ93: =AQ87+SUM(AQ90:AQ92) -> 323.51123 | AV93: =AV89+SUM(AV90:AV92) -> 324.3927 | BA93: =BA89+SUM(BA90:BA92) -> 337.10573 | BC93: 0 | BD93: **this doesn't match up with how the NOL's should work - see "Notes"
B94: Basic Shares | H94: 109.5 | M94: 110.6 | R94: 110.15 | W94: 107.684 | AB94: 96.94 | AG94: 94.477 | AL94: 93.58 | AQ94: =91.74-(AL83-AQ83) -> 88.570836 | AV94: =91.74-(AQ83-AV83) -> 91.543382 | BA94: =91.74-(AV83-BA83) -> 92.034927
B95: Cash EPS (Co. Defined) | H95: =H93/H94 -> 0.073059361 | I95: =I93/I94 -> #DIV/0! | J95: =J93/J94 -> #DIV/0! | K95: =K93/K94 -> #DIV/0! | L95: =L93/L94 -> #DIV/0! | M95: =M93/M94 -> 1.1573237 | N95: =N93/N94 -> #DIV/0! | O95: =O93/O94 -> #DIV/0! | ... BA95: =BA93/BA94 -> 3.6628022 | BD95: goal of $3.75 by $2017
B96: Diluted Shares | H96: =H83 -> 112 | I96: =I83 -> 0 | J96: =J83 -> 0 | K96: =K83 -> 0 | L96: =L83 -> 0 | M96: =M83 -> 112 | N96: =N83 -> 0 | O96: =O83 -> 0 | ... BA96: =BA83 -> 94.910145
B97: FCF/share (diluted) | H97: =H93/H83 -> 0.071428571 | I97: =I93/I83 -> #DIV/0! | J97: =J93/J83 -> #DIV/0! | K97: =K93/K83 -> #DIV/0! | L97: =L93/L83 -> #DIV/0! | M97: =M93/M83 -> 1.1428571 | N97: =N93/N83 -> #DIV/0! | O97: =O93/O83 -> #DIV/0! | ... W97: =W93/W83 -> 2.0840787 | AB97: =AB93/AB83 -> 2.3619721 | AG97: =AG93/AG83 -> 2.528318 | AL97: =AL93/AL83 -> 2.8754554 | AQ97: =AQ93/AQ83 -> 3.4121397 | AV97: =AV93/AV83 -> 3.4285468 | BA97: =BA93/BA83 -> 3.5518408 | BC97: 0
B99: FCF Adjustments | BC99: 0
B100: Free Cash Flow (Co. defined) | R100: =R93 -> 193 | S100: =S93 -> 0 | T100: =T93 -> 0 | U100: =U93 -> 0 | V100: =V93 -> 0 | W100: =W93 -> 233 | X100: =X93 -> 0 | Y100: =Y93 -> 0 | ... BA100: =BA93 -> 337.10573 | BC100: 0
B101: Add back: Cash Taxes | R101: =R92 -> -8 | S101: =S92 -> 0 | T101: =T92 -> 0 | U101: =U92 -> 0 | V101: =V92 -> 0 | W101: =W92 -> -9 | X101: =X92 -> 0 | Y101: =Y92 -> 0 | ... AB101: =AB92 -> -13.768 | AG101: =AG92 -> -16.772 | AL101: =AL92 -> -14.975 | AM101: =AM92 -> 0 | AN101: =AN92 -> 0 | AO101: =AO92 -> 0 | AP101: =AP92 -> 0 | AQ101: =AQ92 -> -17.5 | AR101: =AR92 -> 0 | AS101: =AS92 -> 0 | ... BA101: =BA92 -> -17.5 | BC101: 0
B102: Less: Book Taxes | R102: =R77 -> -8 | S102: =S77 -> 0 | T102: =T77 -> 0 | U102: =U77 -> 0 | V102: =V77 -> 0 | W102: =W77 -> -184 | X102: =X77 -> 0 | Y102: =Y77 -> 0 | ... BA102: =BA77 -> 137.92307 | BC102: 0
B103: Fully-Taxed Free Cash Flow | R103: =R100-R101-R102 -> 209 | S103: =S100-S101-S102 -> 0 | T103: =T100-T101-T102 -> 0 | U103: =U100-U101-U102 -> 0 | V103: =V100-V101-V102 -> 0 | W103: =W100-W101-W102 -> 426 | X103: =X100-X101-X102 -> 0 | Y103: =Y100-Y101-Y102 -> 0 | ... BA103: =BA100-BA101-BA102 -> 216.68266 | BC103: 0
B104: Less: Stock-Based Comp | R104: =R60 -> 0 | S104: =S60 -> 0 | T104: =T60 -> 0 | U104: =U60 -> 0 | V104: =V60 -> 0 | W104: =W60 -> 62.875 | X104: =X60 -> 0 | Y104: =Y60 -> 0 | ... BA104: =BA60 -> 20
B105: Adj. Free Cash Flow | R105: =R103-R104 -> 209 | S105: =S103-S104 -> 0 | T105: =T103-T104 -> 0 | U105: =U103-U104 -> 0 | V105: =V103-V104 -> 0 | W105: =W103-W104 -> 363.125 | X105: =X103-X104 -> 0 | Y105: =Y103-Y104 -> 0 | ... BA105: =BA103-BA104 -> 196.68266 | BC105: 0
B106: Adj. FCF/share (basic) | R106: =R105/R94 -> 1.8974126 | S106: =S105/S94 -> #DIV/0! | T106: =T105/T94 -> #DIV/0! | U106: =U105/U94 -> #DIV/0! | V106: =V105/V94 -> #DIV/0! | W106: =W105/W94 -> 3.3721351 | X106: =X105/X94 -> #DIV/0! | Y106: =Y105/Y94 -> #DIV/0! | ... BA106: =BA105/BA94 -> 2.1370437
B107: Adj. FCF/share (diluted) | R107: =R105/R96 -> 1.8694097 | S107: =S105/S96 -> #DIV/0! | T107: =T105/T96 -> #DIV/0! | U107: =U105/U96 -> #DIV/0! | V107: =V105/V96 -> #DIV/0! | W107: =W105/W96 -> 3.2479875 | X107: =X105/X96 -> #DIV/0! | Y107: =Y105/Y96 -> #DIV/0! | ... BA107: =BA105/BA96 -> 2.0723038
...

Sheet Drivers
B2: SIX Drivers | D2: Announced | J2: Projected
B3: 1 | D3: 2010 | E3: 2011 | F3: 2012 | G3: 2013 | H3: 2014 | I3: 2015 | J3: 2016E | K3: Q1E | L3: Q2E | M3: Q3E | N3: Q4E | O3: 2017E | P3: Q1E | Q3: Q2E | R3: Q3E | S3: Q4E | T3: 2018E
B5: Revenue Drivers
B7: Growth y/y %
B8: Admissions | D8: 0.057971014 | E8: 0.060665362 | F8: 0.064575646 | G8: 0.043327556 | H8: 0.065672757 | I8: 0.072145713 | J8: =CHOOSE(case,J9,J10,J11) -> 0.06 | O8: =CHOOSE(case,O9,O10,O11) -> 0.04 | T8: =CHOOSE(case,T9,T10,T11) -> 0.02
A9: 1 | B9: Base | J9: 0.06 | O9: 0.04 | T9: 0.02
A10: 2 | B10: Bull | J10: 0.04 | O10: 0.02 | T10: 0
A11: 3 | B11: Bear | J11: 0.02 | O11: 0 | T11: -0.02
B13: In-Park Spend | D13: 0.069333333 | E13: 0.032418953 | F13: 0.055555556 | G13: 0.027459954 | H13: 0.024790646 | I13: 0.087059989 | J13: =CHOOSE(case,J14,J15,J16) -> 0.06 | O13: =CHOOSE(case,O14,O15,O16) -> 0.04 | T13: =CHOOSE(case,T14,T15,T16) -> 0.02
A14: 1 | B14: Base | J14: 0.06 | O14: 0.04 | T14: 0.02
A15: 2 | B15: Bull | J15: 0.04 | O15: 0.02 | T15: 0
A16: 3 | B16: Bear | J16: 0.02 | O16: 0 | T16: -0.02
B18: Cost Drivers
B20: Opex/Sales % | D20: 0.41803279 | E20: 0.3928924 | F20: 0.38504673 | G20: 0.37567568 | H20: 0.37203062 | I20: 0.36807106 | J20: =CHOOSE(case,J21,J22,J23) -> 0.367 | O20: =CHOOSE(case,O21,O22,O23) -> 0.366 | T20: =CHOOSE(case,T21,T22,T23) -> 0.365
A21: 1 | B21: Base | J21: 0.367 | O21: 0.366 | T21: 0.365
A22: 2 | B22: Bull | J22: 0.365 | O22: 0.362 | T22: 0.36
A23: 3 | B23: Bear | J23: 0.375 | O23: 0.38 | T23: 0.385
B25: SG&A/Sales % | D25: 0.19467213 | E25: 0.21224087 | F25: 0.15242991 | G25: 0.14594595 | H25: 0.14543376 | I25: 0.1413044 | J25: =CHOOSE(case,J26,J27,J28) -> 0.141 | O25: =CHOOSE(case,O26,O27,O28) -> 0.14 | T25: =CHOOSE(case,T26,T27,T28) -> 0.14
A26: 1 | B26: Base | J26: 0.141 | O26: 0.14 | T26: 0.14
A27: 2 | B27: Bull | J27: 0.139 | O27: 0.137 | T27: 0.136
A28: 3 | B28: Bear | J28: 0.145 | O28: 0.148 | T28: 0.15
B30: In-Park Gross Margin | D30: 0.80299252 | E30: 0.81400966 | F30: 0.81693364 | G30: 0.80623608 | H30: 0.80223023 | I30: 0.7986765 | J30: =CHOOSE(case,J31,J32,J33) -> 0.795 | O30: =CHOOSE(case,O31,O32,O33) -> 0.795 | T30: =CHOOSE(case,T31,T32,T33) -> 0.795
A31: 1 | B31: Base | J31: 0.795 | K31: 0.795 | L31: 0.795 | M31: 0.795 | N31: 0.795 | O31: 0.795 | P31: 0.795 | Q31: 0.795 | R31: 0.795 | S31: 0.795 | T31: 0.795
A32: 2 | B32: Bull | J32: 0.805 | O32: 0.81 | T32: 0.81
A33: 3 | B33: Bear | J33: 0.79 | O33: 0.78 | T33: 0.78

Sheet Notes
A2: TO DO
A3: Annual visits per member?
A4: China/Dubai int'l details
A5: SBC/NOL/cash tax modeling - IR's answer is opaque
A7: Read about season passes
A8: model on a per cap basis - quarterly as well
A9: sensitivity analysis
A10: Real estate / liquidation analysis
A12: 19% full time / 11% seasonal are union
A13: NOL's: $400m Federal income tax, $3.8B of state income tax
A14: underfunded pension of $50.3m
A15: rent expense was $5.1m in 2015
... A20: http://www.turnaround.org/cmaextras/2.SixFlagsEntertainment-Paper2014.pdf

Sheet Properties
B2: Location | C2: Size | D2: Owned/Leased
B3: Largo, MD | C3: 515 | D3: Owned
B4: Vallejo, CA | C4: 135 | D4: Owned
B5: San Antonio, TX | C5: 220 | D5: Owned
B6: Jackson, NJ | C6: 2200 | D6: Owned
B7: Gurnee, IL | C7: 304 | D7: Owned
B8: Arlington, TX | C8: 47 | D8: Owned
B9: Valencia, CA | C9: 12 | D9: Owned
B10: Valencia, CA | C10: 250 | D10: Owned
B11: Mexico City | C11: 110 | D11: Occupied pursuant to permit agreement
B12: Agawam, MA | C12: 262 | D12: Owned
B13: Austell, GA | C13: 283 | D13: Leased
B14: Arlington, TX | C14: 217 | D14: Leased
... B18: Queensbury, NY | C18: 345 | D18: Owned
C19: =SUM(C3:C18) -> 5438
B23: Payment Due by Period | C23: 2016 | D23: 2017 - 2018 | E23: 2019 - 2020 | F23: 2021 and beyond | G23: Total
B24: Real Estate / Op Leases | C24: 6.833 | D24: 13.808 | E24: 11.77 | F24: 117.069 | G24: =SUM(C24:F24) -> 149.48
